Map: Cactus Valley LE (Void)

Players

Claire - Winner!

  • Race: Zerg Zerg

Bop

  • Race: Terran Terran

VOD

Have the link to the VOD?

Description

Time

  • Played on: May 3, 2015, 6:27 a.m.
  • Length: 11:25
Show
View Real Time Build Order
Export as new Build Order

Claire Zerg - Winner!

Build Orders: Hatch First 

Get SALT Encoding   

  12  0:01  Drone  
  13  0:08  Drone  
  14  0:19  Overlord  
  14  0:25  Extractor  
  14  0:26  Drone  
  15  0:37  Drone x2  
  17  0:45  Drone  
  18  0:56  Hatchery  
  17  0:59  Drone  
  18  1:06  Drone  
  19  1:17  Drone  
  20  1:20  Spawning Pool  
  19  1:28  Drone  
  19  1:31  Extractor  
  19  1:38  Drone  
  20  1:50  Drone  
  21  2:00  Overlord  
  21  2:08  Queen x2  
  21  2:09  Zergling x2  
  26  2:17  Drone  
  26  2:21  Drone  
  28  2:23  Drone  
  29  2:30  Drone  
  29  2:31  Metabolic Boost  
  29  2:33  Drone  
  31  2:41  Drone  
  31  2:44  Queen x2  
  32  2:47  Overlord  
  36  3:00  Hatchery  
  36  3:05  Drone  
  35  3:08  Drone x3  
  38  3:13  Drone  
  38  3:15  Drone  
  38  3:17  Drone  
  38  3:19  Drone  
  42  3:21  Drone  
  43  3:31  Overlord  
  43  3:36  Evolution Chamber  
  43  3:37  Evolution Chamber  
  43  3:39  Drone x2  
  43  3:56  Drone x8  
  51  4:04  Overlord x2  
  51  4:06  Zerg Melee Weapons Level 1  
  51  4:07  Zerg Ground Armor Level 1  
  51  4:09  Extractor  
  50  4:18  Zergling x12  
  50  4:23  Zergling x2  
  57  4:26  Baneling Nest  
  56  4:35  Drone  
  56  4:36  Drone x3  
  56  4:37  Drone  
  61  4:39  Extractor x2  
  61  4:44  Drone x4  
  63  4:46  Overlord  
  63  4:49  Drone x3  
  66  4:55  Drone  
  57  5:02  Drone x6  
  57  5:06  Lair  
  63  5:09  Spore Crawler  
  58  5:15  Drone x3  
  58  5:16  Drone x2  
  63  5:21  Spore Crawler  
  63  5:28  Drone x4  
  58  5:34  Spore Crawler  
  49  5:55  Drone x7  
  55  6:00  Drone x2  
  57  6:07  Overseer  
  57  6:09  Drone x4  
  57  6:11  Drone  
  62  6:26  Zerg Ground Armor Level 2, Zerg Melee Weapons Level 2  
  62  6:27  Centrifical Hooks  
  62  6:31  Drone x2  
  64  6:35  Zergling x6  
  64  6:36  Zergling x2  
  64  6:38  Baneling  
  64  6:39  Baneling x4  
  68  6:41  Zergling x2  
  68  6:42  Zergling x2  
  68  6:43  Zergling x2  
  68  6:44  Zergling x2  
  68  6:46  Zergling x2  
  73  6:47  Zergling x2  
  73  6:48  Zergling x2  
  74  6:55  Zergling x8  
  74  6:56  Zergling x2  
  76  7:10  Zergling x14  
  82  7:19  Baneling x4  
  82  7:23  Spire  
  82  7:24  Drone  
  82  7:26  Overlord x2  
  82  7:29  Hatchery  
  81  7:30  Overlord  
  81  7:44  Drone x6  
  81  7:46  Drone x2  
  81  7:49  Drone  
  88  7:54  Drone x8  
  96  8:03  Drone x3  
  99  8:08  Infestation Pit  
  99  8:09  Baneling  
  99  8:10  Baneling x6  
  99  8:11  Overseer  
  98  8:13  Hatchery  
  98  8:14  Pneumatized Carapace  
  96  8:26  Zergling x22  
  98  8:33  Zergling x4  
  94  8:36  Extractor x2  
  94  8:39  Overlord x2  
  94  8:40  Zerg Flyer Weapons Level 1  
  92  8:45  Zergling x12  
  97  9:00  Baneling x2  
  97  9:01  Corruptor x5, Baneling x2  
  107  9:04  Corruptor  
  109  9:10  Baneling x2  
  109  9:11  Baneling x4  
  105  9:21  Zergling x22  
  105  9:31  Overlord x2  
  105  9:33  Overseer  
  105  9:34  Hive  
  105  9:36  Zergling x6  
  105  9:38  Baneling  
  108  9:39  Baneling x2  
  108  9:43  Zergling x8  
  111  9:51  Zergling x12  
  108  10:01  Baneling  
  108  10:02  Baneling x10  
  108  10:09  Drone x8  
  116  10:15  Drone x3  
  119  10:26  Baneling  
  119  10:27  Baneling x7  
  124  10:28  Zergling x14  
  122  10:48  Zergling x28  
  122  10:49  Zergling x12  
  134  10:56  Zergling x16  
Show
View Real Time Build Order
Export as new Build Order

Bop Terran 

Build Orders: MMM Bio 

Get SALT Encoding   

  12  0:01  SCV  
  13  0:13  SCV  
  14  0:18  Supply Depot  
  14  0:25  SCV  
  15  0:40  SCV  
  15  0:42  Barracks  
  16  0:47  Refinery  
  16  0:52  SCV  
  18  1:04  SCV  
  18  1:18  SCV  
  19  1:29  Marine  
  19  1:30  Orbital Command  
  20  1:44  Command Center  
  20  1:48  Marine  
  21  1:55  SCV  
  22  2:02  Factory  
  22  2:07  SCV  
  23  2:15  Barracks Reactor  
  23  2:31  Supply Depot  
  23  2:47  Bunker  
  23  2:49  Supply Depot  
  23  2:52  SCV  
  23  2:53  Starport  
  23  2:56  Orbital Command  
  24  3:00  Refinery  
  24  3:01  Barracks Tech Lab  
  24  3:05  SCV  
  29  3:13  Widow Mine x2  
  29  3:18  SCV  
  30  3:24  Supply Depot  
  30  3:30  SCV x2  
  32  3:35  Marauder  
  34  3:41  Widow Mine x2  
  34  3:42  SCV  
  39  3:49  Medivac  
  39  3:52  SCV  
  39  3:54  SCV  
  43  4:01  Marauder  
  45  4:05  SCV  
  46  4:13  Command Center  
  45  4:23  Marauder  
  47  4:28  Barracks  
  47  4:29  Barracks  
  47  4:31  Factory Reactor  
  47  4:35  Medivac  
  49  4:39  SCV  
  49  4:40  SCV  
  49  4:44  Marauder  
  53  4:52  SCV x2  
  55  5:04  SCV x2  
  55  5:05  Marauder  
  59  5:16  SCV  
  59  5:21  SCV  
  61  5:26  Barracks  
  61  5:27  Barracks  
  61  5:28  SCV, Barracks, Orbital Command  
  62  5:32  Factory Reactor  
  62  5:33  SCV  
  63  5:35  Stimpack  
  63  5:36  Marine  
  63  5:37  Marine x3  
  63  5:40  SCV  
  66  5:46  Marine  
  66  5:47  SCV, Medivac  
  64  5:50  Refinery x2  
  64  5:52  SCV  
  64  5:54  Marine x2  
  57  6:00  SCV  
  57  6:03  Engineering Bay  
  58  6:04  Engineering Bay  
  58  6:06  Marine x3  
  58  6:10  Widow Mine x2  
  65  6:15  Barracks Reactor x2, Barracks Tech Lab  
  65  6:20  Armory  
  65  6:25  Marauder, Marine x3  
  69  6:26  Marine  
  71  6:33  Terran Infantry Weapons Level 1  
  71  6:34  Orbital Command  
  71  6:36  Marine  
  71  6:37  Supply Depot  
  72  6:42  Combat Shields  
  72  6:43  Marine x2  
  72  6:46  Marine x3  
  77  6:58  Widow Mine x2  
  77  6:59  Marine  
  76  7:04  Marine x6  
  77  7:16  Marine x4  
  77  7:17  Medivac  
  77  7:22  Marine  
  79  7:24  SCV x3  
  79  7:27  Widow Mine  
  79  7:28  Terran Infantry Armor Level 1  
  84  7:30  Terran Vehicle And Ship Armor Level 1  
  84  7:36  SCV  
  85  7:43  Marine  
  85  7:59  Supply Depot, Starport Reactor  
  85  8:00  Supply Depot  
  85  8:13  Supply Depot  
  85  8:14  Supply Depot  
  85  8:20  Widow Mine  
  85  8:21  Marauder, SCV, Widow Mine, Marine x8  
  85  8:22  Marauder  
  81  8:38  Marine x5  
  81  8:39  Marine x3  
  81  8:40  Command Center  
  89  8:42  Marine  
  89  8:43  Marine  
  86  8:49  Widow Mine  
  88  8:56  Marine  
  88  8:58  Barracks  
  88  9:00  Marauder  
  88  9:01  SCV x2, Barracks, Marauder  
  93  9:21  Marine x5  
  93  9:22  Marauder x2  
  78  9:31  Marine x3  
  78  9:32  Widow Mine x2  
  78  9:33  Medivac  
  87  9:38  Marine  
  87  9:39  Marine x3  
  91  9:50  Marine x6  
  77  10:00  Marine x4  
  77  10:01  Widow Mine x2  
  85  10:08  Medivac x2, Marine x2  
  91  10:14  SCV  
  91  10:16  Marine  
  91  10:17  Marine x4  
  91  10:18  Marine  
  98  10:26  SCV  
  99  10:29  Widow Mine x2  
  99  10:32  Marine x4  
  99  10:34  Factory  
  107  10:39  SCV  
  100  10:49  Marine x6  
  84  10:50  Marine  
  79  11:02  Marine x3  
  85  11:07  Marine x4  
  65  11:23  Factory Tech Lab  
Tags
 
Add a new tag
Caveats
  • Supply blocks, unpowered buildings, or Contaminate may cause inaccurate times.
  • Supply counts are checked every 10 seconds.